Map: Automaton LE

Players

Hellraiser - Winner!

  • Race: Protoss Protoss
  • Spawn Location: 9:00

souL

  • Race: Terran Terran
  • Spawn Location: 3:00

Event: IEM Season 13: Katowice (2019)

VOD

Have the link to the VOD?

Description

Time

  • Played on: Feb. 26, 2019, 9:54 a.m.
  • Length: 14:57

All games in this series

Show
View Real Time Build Order
Export as new Build Order

Hellraiser Protoss - Winner!

Build Orders:  

Get SALT Encoding   

  12  0:01  Probe  
  13  0:13  Probe  
  14  0:18  Pylon  
  14  0:22  Probe  
  15  0:32  Probe  
  15  0:38  Gateway  
  16  0:43  Probe  
  16  0:49  Assimilator  
  17  0:55  Probe  
  18  1:00  Pylon  
  18  1:07  Probe  
  19  1:18  Gateway  
  19  1:19  Probe  
  20  1:26  Cybernetics Core  
  20  1:31  Probe  
  21  1:36  Zealot  
  23  1:43  Probe  
  24  1:54  Stalker  
  24  1:55  Probe, Stalker  
  29  2:25  Pylon, Stalker  
  31  2:43  Probe  
  32  2:46  Pylon  
  32  2:52  Nexus  
  32  2:53  Warp Gate  
  32  2:56  Probe  
  33  3:01  Assimilator  
  33  3:07  Shield Battery  
  33  3:10  Probe  
  34  3:16  Stalker  
  32  3:22  Probe  
  35  3:33  Shield Battery  
  35  3:34  Probe  
  35  3:45  Stalker  
  35  3:46  Probe  
  38  3:50  Robotics Facility  
  38  3:55  Gateway  
  38  3:58  Probe  
  38  4:01  Probe  
  39  4:09  Probe  
  40  4:10  Probe  
  42  4:19  Probe  
  42  4:23  Probe  
  44  4:31  Probe  
  45  4:35  Pylon, Probe  
  45  4:37  Observer  
  48  4:45  Probe  
  48  4:50  Robotics Bay  
  48  4:51  Adept x3  
  54  4:53  Probe  
  54  4:54  Probe  
  54  4:56  Pylon  
  54  4:58  Observer  
  57  5:02  Probe  
  57  5:04  Assimilator  
  57  5:05  Probe  
  59  5:13  Probe  
  60  5:17  Probe  
  61  5:21  Stalker x3  
  67  5:28  Probe  
  67  5:32  Probe  
  67  5:40  Probe  
  64  5:44  Probe  
  65  5:51  Assimilator  
  65  5:53  Forge, Pylon  
  66  5:57  Observer  
  66  5:58  Probe  
  67  6:06  Colossus  
  67  6:10  Probe  
  67  6:11  Probe  
  64  6:18  Forge  
  62  6:19  Zealot, Stalker  
  62  6:21  Protoss Ground Weapons Level 1  
  62  6:23  Probe x2  
  69  6:35  Probe x2  
  69  6:37  Protoss Ground Armor Level 1  
  71  6:47  Pylon, Probe  
  71  6:48  Sentry, Zealot  
  71  6:52  Pylon  
  71  6:53  Warp Prism, Pylon  
  76  7:00  Photon Cannon  
  78  7:07  Twilight Council  
  78  7:16  Sentry, Zealot x2  
  78  7:22  Gateway x2  
  84  7:41  Probe x2  
  84  7:42  Nexus, Colossus  
  84  7:43  Pylon  
  86  7:45  Charge  
  86  7:53  Probe  
  86  7:54  Extended Thermal Lance  
  86  8:03  Pylon  
  92  8:14  Gateway, Nexus  
  92  8:17  Pylon, Protoss Ground Weapons Level 2  
  92  8:23  Stalker x2  
  95  8:37  Colossus  
  101  8:41  Nexus  
  101  8:42  Protoss Ground Armor Level 2  
  101  8:44  Pylon  
  103  8:56  Pylon  
  101  9:05  Zealot x4  
  101  9:07  Probe  
  110  9:15  Stalker x2  
  112  9:32  Zealot x4  
  112  9:35  Observer  
  120  9:51  Probe  
  120  9:52  Probe  
  115  10:01  Stalker x5  
  118  10:08  Stalker  
  110  10:24  Zealot, Stalker x3  
  110  10:30  Probe  
  93  10:38  Zealot x2  
  93  10:39  Probe  
  93  10:40  Probe  
  93  10:44  Probe  
  92  10:50  Sentry x3  
  92  10:51  Sentry  
  92  10:52  Probe  
  92  10:54  Probe  
  93  11:04  Probe  
  93  11:08  Protoss Ground Armor Level 3, Probe  
  93  11:09  Probe  
  93  11:12  Blink  
  93  11:16  Probe  
  93  11:18  Stalker x4  
  82  11:25  Protoss Ground Weapons Level 3  
  80  11:27  Probe  
  80  11:31  Warp Prism  
  73  11:46  Probe  
  73  11:47  Probe  
  77  11:50  Sentry, Zealot  
  82  11:57  Colossus  
  84  12:02  Assimilator  
  84  12:08  Assimilator  
  87  12:10  Zealot x2  
  87  12:11  Zealot  
  89  12:24  Stalker x2  
  89  12:29  Probe  
  94  12:30  Probe x2  
  94  12:36  Zealot x4, Observer  
  103  12:39  Pylon  
  103  12:40  Colossus  
  103  12:50  Sentry  
  111  12:55  Stalker  
  113  13:00  Zealot  
  115  13:06  Zealot  
  115  13:07  Zealot x2  
  121  13:19  Zealot  
  123  13:20  Zealot x2  
  127  13:29  Zealot  
  127  13:30  Templar Archives  
  127  13:32  Zealot x2  
  131  13:47  Probe  
  124  13:50  Zealot x2  
  124  13:51  Zealot  
  124  13:58  Stalker x2  
  124  14:02  Nexus  
  126  14:16  High Templar x3  
  128  14:18  Pylon  
  128  14:21  Pylon  
  128  14:23  Gateway, Archon  
  128  14:24  High Templar  
  128  14:26  Gateway  
  128  14:28  Archon  
  126  14:39  Probe x2  
  126  14:43  Photon Cannon  
  128  14:47  Pylon  
Show
View Real Time Build Order
Export as new Build Order

souL Terran 

Build Orders:  

Get SALT Encoding   

  12  0:00  SCV  
  13  0:12  SCV  
  14  0:18  Supply Depot  
  14  0:25  SCV  
  15  0:28  Refinery  
  15  0:39  SCV  
  16  0:45  Barracks  
  16  0:52  SCV  
  17  1:04  SCV  
  18  1:16  SCV  
  20  1:32  Reaper  
  20  1:33  Orbital Command  
  20  1:45  Command Center  
  20  1:57  Factory  
  20  2:01  SCV  
  20  2:08  Barracks Reactor  
  21  2:15  Bunker  
  21  2:22  Refinery  
  22  2:25  Engineering Bay  
  22  2:28  SCV  
  21  2:38  Command Center  
  21  2:40  SCV  
  21  2:41  Widow Mine  
  23  2:49  Supply Depot  
  23  2:58  Starport  
  23  3:10  Factory Tech Lab  
  23  3:11  SCV, Marine  
  25  3:15  Marine  
  25  3:23  SCV  
  24  3:28  Marine  
  24  3:34  Siege Tank  
  24  3:35  SCV  
  28  3:50  Bunker  
  28  3:55  Starport Tech Lab  
  28  3:56  Orbital Command  
  28  4:00  SCV  
  31  4:15  Medivac  
  31  4:17  Barracks, SCV  
  32  4:25  Widow Mine  
  32  4:27  Widow Mine  
  32  4:30  SCV  
  37  4:33  Stimpack  
  37  4:42  SCV  
  37  4:43  Supply Depot  
  37  4:51  Orbital Command  
  37  4:55  Engineering Bay  
  40  5:00  Marauder  
  40  5:02  Viking  
  41  5:21  Marine  
  42  5:25  SCV  
  42  5:28  Marine x2  
  44  5:37  Siege Tank, SCV  
  44  5:39  Marine  
  47  5:46  Marine x2  
  47  5:49  SCV  
  50  5:50  Orbital Command  
  50  5:56  Marine  
  51  6:01  SCV  
  51  6:04  Marine x2  
  52  6:13  SCV  
  52  6:14  Marine  
  52  6:15  Terran Infantry Weapons Level 1  
  52  6:16  SCV  
  52  6:21  Marine  
  52  6:22  Marine  
  54  6:28  SCV x2  
  54  6:32  Medivac, Marine  
  57  6:39  Marine x2  
  58  6:40  SCV  
  58  6:41  SCV  
  58  6:42  Refinery  
  58  6:43  Factory Reactor  
  58  6:46  Combat Shield  
  61  6:50  Supply Depot, Marine  
  62  6:57  Supply Depot  
  62  6:58  Barracks  
  62  7:00  Supply Depot  
  62  7:12  Marauder, SCV x2, Marine x2  
  68  7:24  SCV x2  
  68  7:29  Marine x2  
  70  7:31  Factory Reactor  
  70  7:32  Missile Turret  
  70  7:33  Marauder  
  70  7:35  Medivac  
  70  7:36  SCV x2  
  78  7:40  Medivac  
  80  7:47  Marine  
  80  7:48  Concussive Shells, SCV x2  
  80  7:49  Supply Depot  
  83  7:54  Supply Depot  
  83  7:55  Marauder  
  85  8:00  Marine  
  86  8:09  Supply Depot  
  86  8:10  SCV x2  
  86  8:11  Marauder, Marine  
  86  8:12  Supply Depot  
  91  8:14  Terran Infantry Armor Level 1  
  91  8:16  Marauder  
  93  8:21  Marine  
  95  8:31  Medivac, Viking  
  95  8:32  Marauder  
  99  8:35  Supply Depot  
  99  8:38  Marauder  
  99  8:40  Refinery, Marine  
  104  8:45  Supply Depot  
  104  8:51  Marine  
  104  8:53  Marauder  
  105  8:58  Command Center  
  105  9:00  SCV  
  105  9:02  SCV  
  107  9:06  Marauder, Marine  
  110  9:12  SCV  
  110  9:13  Marine, Supply Depot  
  110  9:15  SCV  
  115  9:24  SCV  
  115  9:26  Supply Depot  
  115  9:27  SCV  
  117  9:32  Marauder, Marine  
  117  9:36  SCV  
  119  9:40  Barracks  
  119  9:41  SCV  
  119  9:42  Barracks  
  119  9:47  Marauder, Marine  
  119  9:48  SCV  
  119  9:50  Liberator  
  115  9:54  Marine  
  115  9:55  Marauder  
  103  10:00  Widow Mine  
  103  10:01  SCV  
  104  10:09  Marauder, Marine  
  108  10:14  Marine  
  108  10:16  Marauder  
  108  10:18  Widow Mine  
  113  10:23  Widow Mine  
  113  10:27  Marine  
  110  10:30  Marauder  
  110  10:32  Marine  
  91  10:37  Marauder  
  74  10:45  Marine  
  74  10:49  Widow Mine  
  73  10:50  Marine  
  73  10:52  Marauder  
  76  10:59  Marauder  
  76  11:03  Marine  
  71  11:07  Marine  
  53  11:12  Marine  
  51  11:20  Marauder, Marine  
  50  11:25  Marine  
  50  11:30  Barracks Tech Lab  
  50  11:31  Marauder  
  53  11:36  Marine  
  53  11:38  Marine  
  53  11:42  Marine  
  53  11:45  Marine  
  55  11:52  Marauder  
  57  12:00  Marauder  
  59  12:03  SCV  
  59  12:04  SCV, Marine  
  62  12:16  SCV x2  
  62  12:19  Marine  
  62  12:20  Marauder  
  67  12:28  SCV x2  
  68  12:32  Medivac x2  
  70  12:40  SCV x2  
  72  12:52  SCV x2  
  72  12:53  Orbital Command  
  74  13:04  SCV x2  
  74  13:05  Medivac x2  
  78  13:08  Marauder  
  78  13:11  Marauder  
  81  13:14  Marine  
  81  13:16  SCV x2  
  84  13:20  SCV  
  84  13:21  Marine  
  86  13:28  SCV x2, Marine x2  
  86  13:29  Marine  
  86  13:32  SCV, Marine x2  
  89  13:40  SCV  
  86  13:47  Marauder, Marine x2  
  86  13:48  Marauder  
  76  13:53  Marine  
  76  13:54  Marauder  
  67  14:04  Marine  
  67  14:08  Marauder  
  70  14:10  Marine  
  70  14:15  Marauder  
  72  14:24  Marine  
  70  14:27  SCV  
  70  14:29  Marauder x2  
  76  14:32  Marine  
  77  14:39  SCV  

Tags
 
Add a new tag
Caveats
  • Supply blocks, unpowered buildings, or Contaminate may cause inaccurate times.
  • Supply counts are checked every 10 seconds.